 Dungeon Crawl Stone Soup version 0.25.1-2-g60ff931df9 (webtiles) character file.

Game seed: 3015813188658595881

37 Findor the Cudgeler (level 3, -7/21 HPs)
             Began as a Gargoyle Gladiator on Sept 23, 2020.
             Killed from afar by Ijyb (15 damage)
             ... with an iceblast
             ... on level 2 of the Dungeon.
             The game lasted 00:01:56 (1366 turns).

Findor the Cudgeler (Gargoyle Gladiator)            Turns: 1366, Time: 00:01:56

Health: -7/21      AC:  7    Str: 18    XL:     3   Next: 39%
Magic:  3/3        EV: 11    Int:  8    God:
Gold:   23         SH:  3    Dex: 11    Spells: 2/2 levels left

rFire    . . .     SeeInvis .   a - +0 flail
rCold    . . .     Gourm    .   h - +0 buckler
rNeg     + . .     Faith    .   b - +0 leather armour
rPois    ∞         Spirit   .   c - +0 helmet
rElec    +         Reflect  .   (no cloak)
rCorr    .         Harm     .   (no gloves)
MR       .....                  (no boots)
Stlth    +.........             (no amulet)
HPRegen  0.07/turn              (no ring)
MPRegen  0.08/turn              (no ring)

@: no status effects
A: negative energy resistance 1, electricity resistance, unbreathing,
petrification resistance, rot immunity, AC +3
a: no special abilities


You were on level 2 of the Dungeon.
You were hungry.

You visited 1 branch of the dungeon, and saw 2 of its levels.

You collected 23 gold pieces.

Inventory:

Hand Weapons
 a - a +0 flail (weapon)
Missiles
 d - 3 throwing nets (quivered)
Armour
 b - a +0 leather armour (worn)
 c - a +0 helmet (worn)
 h - a +0 buckler (worn)
Scrolls
 e - a scroll of teleportation {unknown}
 i - a scroll of enchant weapon {unknown}
 k - a scroll of blinking {unknown}
 l - a scroll of identify {unknown}
Potions
 j - a potion of ambrosia {unknown}
Comestibles
 f - 2 rations
 g - 5 chunks of flesh


   Skills:
 - Level 2.1 Fighting
 * Level 4.1 Maces & Flails
 - Level 1.7 Throwing
 - Level 2.4 Dodging
 * Level 1.2 Shields


You had 2 spell levels left.
You didn't know any spells.
Your spell library contained the following spells:

 Spells                   Type           Power        Failure   Level  Hunger
 Confusing Touch          Hex            #.......     92%         3    ####...
 Gell's Gravitas          Tloc           #.........   92%         3    ####...
 Petrify                  Tmut/Erth      #.......     100%        4    #####..
 Metabolic Englaciation   Hex/Ice        #.........   100%        5    ######.
 Yara's Violent Unravell  Hex/Tmut       #.........   100%        5    ######.


Dungeon Overview and Level Annotations

Branches:
Dungeon (2/15)

Altars:

Annotations:
D:2 Ijyb


Innate Abilities, Weirdness & Mutations

You are resistant to torment.
Your stone body is resilient. (AC +3)
You are immune to poison.
You resist negative energy. (rN+)
You are resistant to electric shocks. (rElec)
You can survive without breathing.
You are immune to petrification.
You are immune to rotting.


Message History

You hit Ijyb.
Ijyb is severely wounded.
Ijyb barely misses you.
The frilled lizard bites you but does no damage.
The goblin hits you but does no damage. You block the goblin's attack.
Unknown command.
You closely miss Ijyb.
Ijyb is severely wounded.
Ijyb hits you with a +4 club. The frilled lizard closely misses you.
The goblin hits you but does no damage. The goblin closely misses you.
You hit Ijyb.
Ijyb is severely wounded.
The frilled lizard barely misses you. Ijyb hits you with a +4 club.
The goblin hits you but does no damage. The frilled lizard misses you.
The goblin hits you but does no damage. Ijyb hits you with a +4 club.
The frilled lizard bites you but does no damage.
The goblin closely misses you.
Ijyb zaps a wand.
The mass of ice explodes!
The iceblast engulfs you!
Ouch! That really hurt!
You die...

#>..[.....####
#..............
#.#..!######### #..## #gg#
.########gg##
.....>....gg### .#
.#######.#.#..## .# #.##
##...l.@.### #.# #...
#####.#.#.#......####.###..#
...........###.#.#..........
######.#.#.....#...........#
#.÷..##.#####.....##...
#.#..##...#...#...##...
#.#.###...#..........##
#.#.###.#...##....)####
#...........#.......###


You could see Ijyb, 5 goblins and a frilled lizard.

Vanquished Creatures
  3 leopard geckos
  5 bats
  2 giant cockroaches (D:2)
  4 goblins
  7 hobgoblins
  A ball python (D:1)
  3 frilled lizards
  3 kobolds (D:1)
  3 rats
31 creatures vanquished.

Notes
Turn   | Place    | Note
-------+----------+-------------------------------------------
     0 | D:1      | Findor the Gargoyle Gladiator began the quest for the Orb.
     0 | D:1      | Reached XP level 1. HP: 12/12 MP: 1/1
   345 | D:1      | Reached XP level 2. HP: 17/17 MP: 2/2
   829 | D:1      | Reached XP level 3. HP: 20/21 MP: 3/3
   879 | D:1      | Reached skill level 4 in Maces & Flails
  1228 | D:2      | Reached skill level 1 in Shields
  1336 | D:2      | Noticed Ijyb
  1366 | D:2      | Killed from afar by Ijyb

Illustrated notes

Levels and vault maps discovered:
D:1:      lemuel_arrival_tunnels, layout_loops_corners, minmay_tetromino_s4
D:2:      kennysheep_the_goblin_king, layout_loops_ring, hex_tiny,
          roderic_serpentine_path

Skill      XL: |  1  2  3 |
---------------+----------+-----
Maces & Flails | 4 |  4.1
Shields        | 1 |  1.2
Fighting       | |  2.1
Throwing       | |  1.7
Dodging        | |  2.4

Action                   || total
-------------------------++-------
Melee: Flail             ||   118
  Eat: Chunk             ||     1
Armor: Leather armour    ||    67
Dodge: Dodged            ||   130
Block: Buckler           ||    18
